cohdb
Replays
Latest Replays
All Replays
Popular Replays
Top Player Replays
Match Explorer
How It Works
Community
CoH3 Stats
Reddit
Sign in to upload your games and track your stats! →
Sign in with Steam
Match 41918014
Unlisted
Match 41918014
Overview
Messages
Build Orders
End
Construct Barracks
Riflemen Squad
Riflemen Squad
Selects Special Operations Battlegroup
M1 Mortar Team
Riflemen Squad
Grenade Package
Selects M29 Weasel Recon Vehicle
Riflemen Squad
Infantry Support Center
M1918 Browning Automatic Rifles
Advanced Logistics
Riflemen Squad
Selects P-47 Anti-Infantry Loiter
P-47 Anti-Infantry Loiter
Survival Training
Construct Motor Pool
Selects UNKNOWN (2162291)
Selects Raiding Flares
Construct Motor Pool
M1 Anti-tank Gun Team
M1 Anti-tank Gun Team
2nd infantry division
PIZZADAYO
Final_Ant
Love & Peace
Kanade
仙台葉月@宮城のけち
苏大大
DarthBonziBuddy
0
0
Comments
sign in to comment!
No comments posted yet!